 Dungeon Crawl Stone Soup version 0.27.1-35-g4d5d836560 (webtiles) character file.

Game seed: 12596720892042643847

56 Delamore the Shield-Bearer (level 4, -2/35 HPs)
             Began as a Formicid Fighter on Mar 14, 2022.
             Slain by an adder (4 damage)
             ... on level 3 of the Dungeon.
             The game lasted 00:01:49 (2122 turns).

Delamore the Shield-Bearer (Formicid Fighter)       Turns: 2122, Time: 00:01:50

Health: -2/35      AC:  8    Str: 20    XL:     4   Next: 17%
Magic:  4/4        EV:  8    Int:  8    God:
Gold:   94         SH:  0    Dex: 11    Spells: 3/3 levels left

rFire    . . .     SeeInvis +   a - +0 war axe
rCold    . . .     Faith    .   c - +0 kite shield
rNeg     + . .     Spirit   .   b - +0 scale mail
rPois    .         Reflect  .   (helmet unavailable)
rElec    .         Harm     .   (no cloak)
rCorr    .         Rampage  .   e - +0 pair of gloves
Will     .....                  (no boots)
Stlth    ..........             (no amulet)
HPRegen  0.11/turn              h - ring of positive energy
MPRegen  0.09/turn              (no ring)

@: confused, mighty, invisible
A: permanent stasis, dig shafts and tunnels, antennae 3, four strong arms
a: Dig, Shaft Self


You were on level 3 of the Dungeon.
You visited 1 branch of the dungeon, and saw 3 of its levels.

You collected 94 gold pieces.

Inventory:

Hand Weapons
 a - a +0 war axe (weapon)
Missiles
 f - 34 poisoned darts
Armour
 b - a +0 scale mail (worn)
 c - a +0 kite shield (worn)
 e - a +0 pair of gloves (worn)
Jewellery
 h - a ring of positive energy (left hand)
Scrolls
 g - a scroll of silence
 i - a scroll of amnesia {unknown}
Potions
 k - a potion of curing {unknown}


   Skills:
 - Level 3.2 Fighting
 * Level 3.5 Axes
 - Level 3.2 Armour
 + Level 4.4 Shields


You had 3 spell levels left.
You didn't know any spells.
Your spell library was empty.

Dungeon Overview and Level Annotations

Branches:
Dungeon (3/15)

Altars:

Annotations:
D:3 Ijyb


Innate Abilities, Weirdness & Mutations

You cannot be hasted, slowed, berserked, paralysed or teleported.
You can dig through walls and to a lower floor.
You have a pair of large antennae on your head. (SInv)
Your four strong arms can wield two-handed weapons with a shield.


Message History

The adder bites you but does no damage. Ijyb completely misses you.
The gnoll hits you but does no damage. x2; The gnoll barely misses you.
The adder bites you but does no damage.
You closely miss Ijyb. You closely miss the adder. You closely miss the gnoll.
Ijyb zaps a wand.
Your will is overpowered!
You are more confused.
The gnoll hits you from afar with a +0 spear.
The gnoll hits you but does no damage. The gnoll closely misses you.
The adder bites you but does no damage.
Ijyb zaps a wand.
You resist with some effort. The gnoll closely misses you.
The gnoll hits you but does no damage. The gnoll completely misses you.
The adder barely misses you.
You miss the adder. You closely miss Ijyb. You hit the gnoll.
The adder bites you but does no damage. Ijyb hits you but does no damage.
The gnoll hits you from afar with a +0 spear.
The gnoll hits you but does no damage. The gnoll closely misses you.
You closely miss Ijyb. You miss the gnoll. You miss the adder.
The adder bites you but does no damage.
The gnoll hits you from afar with a +0 spear.
Ijyb hits you but does no damage.
The gnoll hits you from afar with a +0 spear.
The gnoll hits you with a +0 flail. The adder bites you but does no damage.
Ijyb hits you but does no damage. The gnoll hits you but does no damage.
The gnoll hits you from afar with a +0 spear.
The gnoll hits you with a +0 flail.
* * * LOW HITPOINT WARNING * * *
You bump into the rock wall.
The adder bites you.
* * * LOW HITPOINT WARNING * * *
Ijyb hits you but does no damage. The gnoll closely misses you.
The gnoll hits you from afar with a +0 spear.
* * * LOW HITPOINT WARNING * * *
The adder closely misses you. The gnoll barely misses you.
You bump into the rock wall.
The adder bites you but does no damage. Ijyb hits you with a +0 club.
* * * LOW HITPOINT WARNING * * *
The gnoll barely misses you.
The gnoll hits you but does no damage. x2
It was a potion of invisibility.
You fade into invisibility!
The adder bites you.
You die...

{ .## .(#
##..#
##<..# #.<#
#.#.#####..
# #S#......
#gS.# #@g##
#†.# { {
gg.+ ....#
{ #....#
#.#...
#.#.#.
#......


You could see Ijyb, 3 gnolls, an adder and a ball python.

Vanquished Creatures
  An adder (D:2)
  A dart slug (D:1)
  6 ball pythons
  3 endoplasms
  2 giant cockroaches (D:1)
  3 goblins
  10 hobgoblins
  2 kobolds
  6 bats
  3 frilled lizards (D:1)
  5 rats
42 creatures vanquished.

Notes
Turn   | Place    | Note
-------+----------+-------------------------------------------
     0 | D:1      | Delamore the Formicid Fighter began the quest for the Orb.
     0 | D:1      | Reached XP level 1. HP: 18/18 MP: 1/1
   190 | D:1      | Reached XP level 2. HP: 19/24 MP: 2/2
   297 | D:1      | Reached skill level 4 in Shields
   533 | D:1      | Reached XP level 3. HP: 27/29 MP: 3/3
  1457 | D:2      | Found a faded altar of an unknown god.
  1888 | D:2      | Reached XP level 4. HP: 24/35 MP: 4/4
  2109 | D:3      | Noticed Ijyb
  2122 | D:3      | Slain by an adder

Illustrated notes

Levels and vault maps discovered:
D:1:      wander_arrival_peaceful_grave, layout_basic,
          minmay_misc_feat_enclosed, chequers_serial_rivers_micro_c
D:2:      layout_loops_corners, shapermc_ecumenical_altar_mp_highgroup,
          serial_park_tiny_2
D:3:      kennysheep_big_flooded_room, layout_loops_ring, minmay_box_of_dots,
          uniq_ijyb

Skill      XL: |  1  2  3 |
---------------+----------+-----
Shields        | 4 |  4.4
Axes           | 3 |  3.5
Fighting       | |  3.2
Armour         | |  3.2

Action                   |  1- 3 |  4- 6 || total
-------------------------+-------+-------++-------
Melee: War axe           |   144 |    10 ||   154
  Use: Scroll            |     1 |       ||     1
       Potion            |       |     2 ||     2
Armor: Scale mail        |    69 |    27 ||    96
Dodge: Dodged            |    70 |    24 ||    94
Block: Kite shield       |    84 |     1 ||    85
